 Dungeon Crawl Stone Soup version 0.32-a0-42-ga30500b4d3 (webtiles) character file.

Game seed: 8497923381393338234

539 cforsyth the Trooper (level 7, -3/54 HPs)
             Began as a Djinni Hedge Wizard on Feb 1, 2024.
             Was an Initiate of Gozag.
             Slain by a shadow imp (5 damage)
             ... on level 5 of the Dungeon.
             The game lasted 00:06:25 (4782 turns).

cforsyth the Trooper (Djinni Hedge Wizard)          Turns: 4782, Time: 00:06:26

Health: -3/54      AC:  3    Str:  9    XL:     7   Next: 51%
Gold:   337        EV: 12    Int: 18    God:    Gozag SH:  0 Dex: 12

rFire   + + .        a - +0 dagger
rCold   x . .        (no shield)
rNeg    . . .        b - +0 robe
rPois   ∞            c - +0 hat
rElec   .            (no cloak)
rCorr   .            s - +0 pair of gloves
SInv    .            (boots unavailable)
Will    .....        (no amulet)
Stlth   ++           (no ring)
HPRegen 0.29/turn    (no ring)
MPRegen 0.00/turn

%: infuse magic (-4 HP)
@: flying
A: sickness immunity, fire resistance 2, cold vulnerability 1, float, innate
caster, HP casting, extra vitality 1
a: Renounce Religion, Potion Petition, Call Merchant, Bribe Branch


You were on level 5 of the Dungeon.
You worshipped Gozag.
Gozag was aware of your devotion.
You visited 2 branches of the dungeon, and saw 6 of its levels.

You collected 411 gold pieces.
You paid 74 gold pieces to Gozag.

Inventory:

Hand Weapons
 a - a +0 dagger (weapon)
Armour
 b - a +0 robe (worn)
 c - a +0 hat (worn)
 s - a +0 pair of gloves (worn)
Jewellery
 r - an amulet of reflection
Wands
 o - a wand of polymorph (7)
Scrolls
 e - a scroll of teleportation
 f - a scroll of fear {unknown}
 h - 3 scrolls of identify {unknown}
 k - a scroll of fog
 m - a scroll of blinking {unknown}
 q - a scroll of brand weapon {unknown}
Potions
 d - a potion of curing {unknown}
 g - a potion of haste {unknown}
 i - 2 potions of magic {unknown}
 j - a potion of resistance {unknown}
 l - a potion of heal wounds {unknown}
 n - a potion of brilliance {unknown}
 p - 2 potions of berserk rage {unknown}
 t - a potion of enlightenment {unknown}


   Skills:
 + Level 5.2 Fighting
 - Level 2.1 Dodging
 - Level 1.5 Stealth
 + Level 5.0 Spellcasting
 + Level 5.0 Conjurations
 + Level 5.0 Hexes
 + Level 5.0 Summonings
 + Level 5.0 Necromancy
 + Level 5.0 Translocations
 + Level 5.0 Fire Magic
 + Level 5.0 Ice Magic
 + Level 5.0 Air Magic
 + Level 5.0 Earth Magic
 + Level 5.0 Alchemy


You knew the following spells:

 Your Spells              Type           Power      Damage    Failure   Level
a - Magic Dart            Conj           88%        1d7       1%          1
b - Slow                  Hex            88%        N/A       1%          1
c - Blink                 Tloc           44%        N/A       2%          2
d - Call Imp              Summ           44%        N/A       2%          2
e - Mephitic Cloud        Conj/Alch/Air  22%        N/A       4%          3
f - Sandblast             Erth           44%        2d11      1%          1
g - Mercury Vapours       Alch/Air       44%        N/A       2%          2
h - Static Discharge      Conj/Air       44%        3-5/arc   2%          2
Your spell library was empty.

Dungeon Overview and Level Annotations

Branches:
Dungeon (5/15)             Temple (1/1) D:4

Altars:
Cheibriados
Dithmenos
Elyvilon
Fedhas
Gozag
Makhleb
Nemelex Xobeh
Okawaru
Qazlal
Ru
Trog
Uskayaw
Wu Jian
Xom
Yredelemnul
Zin
The Shining One

Annotations:
D:5 Duvessa


Innate Abilities, Weirdness & Mutations

You are immune to sickness and miasma.
You are immune to poison.
Your flesh is very heat resistant. (rF++)
You are vulnerable to cold. (rC-)
You float through the air rather than walking.
You learn spells naturally, not from books.
Your magical power is your life essence.
You have superior vitality. (+4 MHP)


Message History

The orc warrior is severely wounded.
The shadow imp gestures at you. Pain shoots through your body!
* * * LOW HITPOINT WARNING * * *
The shadow imp laughs crazily.
The shadow imp closely misses you.
Casting: Sandblast (safe; 1% risk of failure)
Confirm with . or Enter, or press ? or * to list all spells.
Aiming: Sandblast (safe; 1% risk of failure)
Press: ? - help, Shift-Dir - straight line, f/p - orc warrior
Aim: an orc warrior, wielding a +0 hand axe and wearing a +0 plate armour (severely wounded, confused, 94% to hit)
The blast of sand hits the orc warrior but does no damage.
The orc warrior is severely wounded.
* * * LOW HITPOINT WARNING * * *
The shadow imp barely misses you.
Casting: Sandblast (safe; 1% risk of failure)
Confirm with . or Enter, or press ? or * to list all spells.
Aiming: Sandblast (safe; 1% risk of failure)
Press: ? - help, Shift-Dir - straight line, f/p - orc warrior
Aim: an orc warrior, wielding a +0 hand axe and wearing a +0 plate armour (severely wounded, confused, 94% to hit)
The blast of sand hits the orc warrior.
The orc warrior is severely wounded.
* * * LOW HITPOINT WARNING * * *
The shadow imp hits you but does no damage.
The shadow imp gestures at you. Pain shoots through your body!
* * * LOW HITPOINT WARNING * * *
Casting: Sandblast (safe; 1% risk of failure)
Confirm with . or Enter, or press ? or * to list all spells.
Aiming: Sandblast (safe; 1% risk of failure)
Press: ? - help, Shift-Dir - straight line, f - shadow imp, p - orc warrior
Aim: a shadow imp (81% to hit)
The blast of sand hits the shadow imp.
The shadow imp is moderately wounded.
* * * LOW HITPOINT WARNING * * *
The orc warrior hits you with a +0 hand axe!
* * * LOW HITPOINT WARNING * * *
The shadow imp hits you.
You die...
Your body crumbles into a pile of gold.

.# .# #......... .#
#........# # .#
?...8.8... .. #####
#...<...## .#
....######..8.8... ..
.........#.......##.#
...(.###.#.....$5...#
.......#.## ..#.@#######.
....####.##.#.#.o........
....# #.##.#.#...######
....# #.# ...#.....#
....# #.# #.....#.#
....####.####.#.###.##
....#....#...........#
....#.#####.#..####..#
....#.......#........#


You could see an orc warrior (confused) and a shadow imp.

Vanquished Creatures
  Edmund (D:4)
  A phantom (D:3)
  A scorpion (D:4)
  Dowan (D:4)
  2 iguanas (D:4)
  Ijyb (D:3)
  4 gnolls (D:4)
  2 adders
  A white imp (D:5)
  3 dart slugs
  6 orcs
  6 endoplasms
  A giant cockroach (D:4)
  9 goblins
  9 hobgoblins
  6 jackals
  9 kobolds
  3 quokkas (D:1)
  4 ball pythons
  5 bats
  2 frilled lizards
  8 rats
85 creatures vanquished.

Vanquished Creatures (collateral kills)
  An endoplasm (D:4)
  A giant cockroach (D:3)
2 creatures vanquished.

Grand Total: 87 creatures vanquished

Notes
Turn   | Place    | Note
-------+----------+-------------------------------------------
     0 | D:1      | cforsyth the Djinni Hedge Wizard began the quest for the
                  | Orb.
     0 | D:1      | cforsyth set off with the following spells memorised: Magic
                  | Dart, Slow, Blink, Call Imp, Mephitic Cloud.
     0 | D:1      | Reached XP level 1. HP: 15/15 MP: 0/0
   135 | D:1      | Reached XP level 2. HP: 20/22 MP: 0/0
   160 | D:1      | Reached skill level 1 in Fighting
   450 | D:1      | Reached XP level 3. HP: 25/27 MP: 0/0
   450 | D:1      | Learned a level 1 spell: Sandblast
   905 | D:1      | Found a faded altar of an unknown god.
  1335 | D:2      | Reached XP level 4. HP: 24/33 MP: 0/0
  1868 | D:3      | Identified the +11 mace of Goqoex {elec, *Corrode rN+
                  | Will+}
  1885 | D:3      | Found an iron altar of Okawaru.
  1961 | D:3      | Noticed Ijyb
  2197 | D:3      | Killed Ijyb
  2198 | D:3      | Reached XP level 5. HP: 14/40 MP: 0/0
  2198 | D:3      | Learned a level 2 spell: Mercury Vapours
  2604 | D:3      | Noticed a phantom
  2617 | D:3      | Killed a phantom
  2772 | D:3      | Reached XP level 6. HP: 45/46 MP: 0/0
  3231 | D:4      | Found a staircase to the Ecumenical Temple.
  3242 | Temple   | Entered the Ecumenical Temple
  3257 | Temple   | Became a worshipper of Gozag Ym Sagoz the Greedy
  3434 | D:4      | Noticed Duvessa
  3434 | D:4      | Noticed Dowan
  3462 | D:4      | Noticed Edmund
  4007 | D:4      | Reached XP level 7. HP: 41/53 MP: 0/0
  4007 | D:4      | Learned a level 2 spell: Static Discharge
  4156 | D:4      | Killed Edmund
  4157 | D:4      | Reached skill level 5 in Fighting
  4391 | D:4      | Killed Dowan
  4392 | D:4      | Reached skill level 5 in Spellcasting
  4392 | D:4      | Reached skill level 5 in Conjurations
  4392 | D:4      | Reached skill level 5 in Hexes
  4392 | D:4      | Reached skill level 5 in Summonings
  4392 | D:4      | Reached skill level 5 in Necromancy
  4392 | D:4      | Reached skill level 5 in Translocations
  4392 | D:4      | Reached skill level 5 in Fire Magic
  4392 | D:4      | Reached skill level 5 in Ice Magic
  4392 | D:4      | Reached skill level 5 in Air Magic
  4392 | D:4      | Reached skill level 5 in Earth Magic
  4392 | D:4      | Reached skill level 5 in Alchemy
  4573 | D:5      | Entered Level 5 of the Dungeon
  4782 | D:5      | HP: 2/54 [orc warrior/+0 hand axe (9)]
  4782 | D:5      | Slain by a shadow imp

Illustrated notes

Levels and vault maps discovered:
D:1:      matt_arrival_refuge, layout_loops_ring,
          shapermc_ecumenical_altar_notcrosses, nicolae_houndstooth_variations
D:2:      layout_basic, chequers_serial_rivers_micro_a, serial_bayou_lagoon_a
D:3:      layout_loops_ring, mainiacjoe_overflow_alcove_2, uniq_ijyb
D:4:      corexii_shack_village, layout_basic, minmay_temple_entry_butterflies,
          uniq_duvessa, uniq_edmund
D:5:      minmay_general_purpose_star, layout_basic, st_stairs_14, dk_vineyard_1
Temple:   regret_index_temple_chain_breaker

Skill      XL: |  1  2  3  4  5  6  7 |
---------------+----------------------+-----
Fighting       | 1 2 3 4 5 |  5.2
Spellcasting   | 4 5 |  5.0
Conjurations   | 4 5 |  5.0
Hexes          | 4 5 |  5.0
Summonings     | 4 5 |  5.0
Necromancy     | 4 5 |  5.0
Translocations | 4 5 |  5.0
Fire Magic     | 4 5 |  5.0
Ice Magic      | 4 5 |  5.0
Air Magic      | 4 5 |  5.0
Earth Magic    | 4 5 |  5.0
Alchemy        | 4 5 |  5.0
Dodging        | |  2.1
Stealth        | |  1.5

Action                     |  1- 3 |  4- 6 |  7- 9 || total
---------------------------+-------+-------+-------++-------
  Melee: Dagger            |     3 |    12 |       ||    15
         Punch             |       |     1 |       ||     1
   Cast: Magic Dart        |    86 |   170 |    11 ||   267
         Sandblast         |     2 |       |    11 ||    13
         Mephitic Cloud    |       |    13 |     5 ||    18
         Call Imp          |       |     2 |     3 ||     5
         Static Discharge  |       |       |    14 ||    14
         Blink             |       |       |     1 ||     1
         Mercury Vapours   |       |       |     1 ||     1
    Use: Scroll            |       |       |     2 ||     2
 Armour: Robe              |     7 |    35 |    35 ||    77
  Dodge: Dodged            |    12 |    24 |    11 ||    47

Table legend: (Time is in decaauts)
 A = Elapsed time spent in this place.
 B = Non-inter-level travel time spent in this place.
 C = Inter-level travel time spent in this place.
 D = Time resting spent in this place.
 E = Time spent auto-exploring this place.
 F = Levels seen in this place.
 G = Mean time per level.
                   A        B        C        D        E       F      G
               +--------+--------+--------+--------+--------+-----+--------+
         Total |   4790 |   4664 |    126 |    450 |   3489 |   6 |  798.3 |
       Dungeon |   4759 |   4648 |    111 |    450 |   3489 |   5 |  951.8 |
        Temple |     30 |     15 |     15 |      0 |      0 |   1 |   30.0 |
               +--------+--------+--------+--------+--------+-----+--------+

Top non-repeatable levels by time:
     D:3: 1495 daAuts
     D:4: 1193 daAuts
     D:1: 1026 daAuts
     D:2: 830 daAuts
     D:5: 213 daAuts
  Temple: 30 daAuts
